 Dungeon Crawl Stone Soup version 0.29-a0-322-g68df515428 (webtiles) character file.

Game seed: 12197156205244274960

1999 dianekeaton the Severer (level 9, -2/70 HPs)
             Began as a Hill Orc Fighter on Apr 9, 2022.
             Was a Believer of Okawaru.
             Shot with an arrow by a centaur warrior (13 damage)
             ... on level 7 of the Dungeon.
             The game lasted 00:13:23 (6117 turns).

dianekeaton the Severer (Hill Orc Fighter)          Turns: 6117, Time: 00:13:24

Health: -2/70      AC: 11    Str: 21    XL:     9   Next: 21%
Magic:  9/9        EV:  7    Int:  8    God:    Okawaru [**....]
Gold:   315        SH:  4    Dex: 12    Spells: 8/8 levels left

rFire   . . .      SeeInvis +   a - +1 war axe
rCold   . . .      Faith    .   c - +0 buckler
rNeg    . . .      Spirit   .   k - +1 chain mail {Will+}
rPois   .          Reflect  .   r - +0 helmet
rElec   .          Harm     .   (no cloak)
rCorr   .          Rampage  .   (no gloves)
Will    +....                   (no boots)
Stlth   ..........              (no amulet)
HPRegen 0.21/turn               q - ring of see invisible
MPRegen 0.11/turn               (no ring)

@: invisible
A: no striking features
a: Renounce Religion, Heroism


You were on level 7 of the Dungeon.
You worshipped Okawaru.
Okawaru was pleased with you.
You visited 2 branches of the dungeon, and saw 8 of its levels.

You collected 315 gold pieces.

Inventory:

Hand Weapons
 a - a +1 war axe (weapon)
Armour
 c - a +0 buckler (worn)
 k - a +1 chain mail of willpower (worn)
 r - a +0 helmet (worn)
Jewellery
 q - a ring of see invisible (left hand)
Wands
 d - a wand of flame (4) (quivered)
 j - a wand of digging (7)
Scrolls
 g - 3 scrolls of teleportation
 n - 5 scrolls of identify
 o - a scroll of enchant armour {unknown}
 p - a scroll of noise {unknown}
 s - a scroll of fog {unknown}
Potions
 e - a potion of degeneration
 f - 4 potions of curing
 h - 3 potions of brilliance
 i - a potion of heal wounds {unknown}
 l - 2 potions of haste {unknown}
 m - 2 potions of ambrosia {unknown}


   Skills:
 - Level 3.6 Fighting
 + Level 15.2 Axes
 - Level 3.2 Armour
 - Level 0.1 Stealth
 - Level 3.2 Shields


You had 8 spell levels left.
You didn't know any spells.
Your spell library contained the following spells:

 Spells                   Type           Power      Damage    Failure   Level
 Magic Dart               Conj           0%         1d3       99%         1
 Pain                     Necr           0%         1d4       99%         1
 Sandblast                Erth           0%         2d4       99%         1
 Sting                    Tmut/Pois      0%         1d3       99%         1
 Blink                    Tloc           0%         N/A       100%        2
 Passwall                 Tmut/Erth      0%         N/A       100%        2
 Poisonous Vapours        Pois/Air       0%         N/A       100%        2
 Searing Ray              Conj           0%         2d4       100%        2
 Stone Arrow              Conj/Erth      0%         3d7       100%        3
 Fulminant Prism          Conj/Hex       0%         3d6       100%        4
 Olgreb's Toxic Radiance  Pois           0%         N/A       100%        4
 Agony                    Necr           0%         N/A       100%        5
 Excruciating Wounds      Necr           0%         N/A       100%        5
 Manifold Assault         Tloc           0%         N/A       100%        5
 Storm Form               Tmut/Air       0%         N/A       100%        7


Dungeon Overview and Level Annotations

Branches:
Dungeon (7/15)             Temple (1/1) D:5

Altars:
Cheibriados
Kikubaaqudgha
Makhleb
Nemelex Xobeh
Okawaru
Ru
Sif Muna
Trog
Vehumet
Wu Jian
Xom
Yredelemnul


Message History

You hear a shout!
An orc comes into view. It is wielding a +0 hand axe.
A centaur warrior comes into view.
The vampire mosquito bites you.
The vampire mosquito draws strength from your injuries!
You slash the vampire mosquito!
The vampire mosquito is severely damaged.
The vampire mosquito bites you!
The vampire mosquito draws strength from your injuries!
You slash the vampire mosquito!
You destroy the vampire mosquito!
Okawaru accepts your kill.
A gnoll sergeant comes into view. It is wielding a +0 spear.
Your Axes skill increases to level 15!
You barely miss the phantom.
The gnoll sergeant shouts!
An orc comes into view. It is wielding a +0 short sword.
An ufetubus comes into view.
The phantom hits you but does no damage.
The phantom attacks as you move away!
The phantom hits you but does no damage.
There is a dry fountain here.
You see here a +3 shortbow.
The phantom attacks as you move away! You block the phantom's attack.
The centaur warrior wields a +0 shortbow.
The centaur warrior shoots an arrow.
The arrow hits you!!
You fade into invisibility!
The centaur warrior shoots an arrow.
The arrow barely misses the phantom.
The arrow hits you. The phantom barely misses you.
The centaur warrior shoots an arrow.
The arrow hits you.
* * * LOW HITPOINT WARNING * * *
The centaur warrior shoots an arrow.
You block the arrow.
The centaur warrior shoots an arrow.
The arrow hits you!
* * * LOW HITPOINT WARNING * * *
The centaur warrior shoots an arrow.
The centaur warrior shoots an arrow. x2
The centaur warrior shoots an arrow.
The centaur warrior shoots an arrow.
You block the arrow.
The centaur warrior shoots an arrow.
The arrow hits you!
You die...

# ####.# #.<..#
#>#### #@# #.#
#.# ## #.# .
#.#.# #.#.#
#########..# ##
.........c###.##
?..........#...#


You could see a centaur warrior (can't see you).

Vanquished Creatures
  Eustachio (D:5)
  A vampire mosquito (D:7)
  A water moccasin (D:4)
  2 ice beasts (D:6)
  A black bear (D:5)
  2 ogres
  A centaur (D:7)
  A phantom (D:4)
  Blork the orc (D:4)
  A bullfrog (D:6)
  A necrophage (D:6)
  5 scorpions
  3 hounds (D:5)
  3 orc priests
  7 iguanas
  Terence (D:2)
  3 gnolls (D:3)
  9 adders
  A shadow imp (D:6)
  2 worms
  7 orcs
  5 ball pythons
  5 bats
  6 endoplasms
  2 giant cockroaches
  6 goblins
  7 hobgoblins
  2 jackals (D:3)
  2 quokkas (D:2)
  4 frilled lizards
  7 kobolds
  5 rats
105 creatures vanquished.

Vanquished Creatures (others)
  2 giant cockroaches (D:1)
  2 ball pythons (D:1)
  14 plants (D:7)
18 creatures vanquished.

Grand Total: 123 creatures vanquished

Notes
Turn   | Place    | Note
-------+----------+-------------------------------------------
     0 | D:1      | dianekeaton the Hill Orc Fighter began the quest for the
                  | Orb.
     0 | D:1      | Reached XP level 1. HP: 19/19 MP: 1/1
    18 | D:1      | Reached skill level 3 in Axes
    43 | D:1      | Reached XP level 2. HP: 24/26 MP: 2/2
   108 | D:1      | Reached skill level 4 in Axes
   538 | D:1      | Reached XP level 3. HP: 31/31 MP: 3/3
   997 | D:2      | Reached skill level 5 in Axes
  1015 | D:2      | Noticed Terence
  1026 | D:2      | Killed Terence
  1027 | D:2      | Reached XP level 4. HP: 11/39 MP: 4/4
  1276 | D:2      | Reached skill level 6 in Axes
  1958 | D:3      | Reached XP level 5. HP: 30/45 MP: 5/5
  1963 | D:3      | Reached skill level 7 in Axes
  2645 | D:4      | Noticed a phantom
  2674 | D:3      | Reached skill level 8 in Axes
  2674 | D:3      | Reached XP level 6. HP: 28/51 MP: 6/6
  2865 | D:5      | Entered Level 5 of the Dungeon
  3145 | D:5      | Reached skill level 9 in Axes
  3183 | D:5      | Noticed Eustachio
  3223 | D:5      | Killed Eustachio
  3224 | D:5      | Reached XP level 7. HP: 18/57 MP: 7/7
  3457 | D:5      | Reached skill level 10 in Axes
  3483 | D:5      | Found a radiant altar of Vehumet.
  3540 | D:5      | Found a staircase to the Ecumenical Temple.
  3565 | Temple   | Entered the Ecumenical Temple
  3571 | Temple   | Became a worshipper of Warmaster Okawaru
  4117 | D:6      | Reached skill level 11 in Axes
  4190 | D:6      | Reached XP level 8. HP: 54/64 MP: 8/8
  4312 | D:6      | Reached skill level 12 in Axes
  4498 | D:6      | Reached * piety under Okawaru
  4804 | D:6      | Reached skill level 13 in Axes
  5241 | D:4      | Found a burning altar of Makhleb.
  5516 | D:4      | You fall into a shaft and drop 2 floors!
  5644 | D:4      | Reached skill level 14 in Axes
  5656 | D:4      | Found a sacrificial altar of Ru.
  5669 | D:4      | Noticed Blork the orc
  5680 | D:4      | Killed Blork the orc
  5680 | D:4      | Reached ** piety under Okawaru
  5714 | D:4      | Reached XP level 9. HP: 70/70 MP: 9/9
  5849 | D:4      | Found an ornate altar of the Wu Jian Council.
  6093 | D:7      | Noticed a centaur warrior
  6096 | D:7      | Reached skill level 15 in Axes
  6117 | D:7      | Shot with an arrow by a centaur warrior

Illustrated notes

Levels and vault maps discovered:
D:1:      dpeg_arrival_boxorama, layout_rooms, lemuel_flame_loot_1
D:2:      layout_basic, minmay_misc_feat_secret_circle, uniq_terence
D:3:      layout_basic
D:4:      layout_cave_pools, marbit_many_paths, bloody_makhleb,
          lemuel_doored_altar, uniq_blork_the_orc
D:5:      layout_loops_ring, vehumet_altar_wand_db, minmay_temple_entry_trees,
          grunt_decor_arrowhead, uniq_eustachio
D:6:      layout_loops_cross
D:7:      nzn_winding_woodlands_cross [nzn_winding_woodlands_5x15_lazy_stream,
          nzn_winding_woodlands_5x15_river_crossing,
          nzn_winding_woodlands_5x15_twine, nzn_winding_woodlands_5x15_sawtooth,
          nzn_winding_woodlands_15x15_five_gardens], layout_loops_ring,
          elyvilon_altar_5, uniq_menkaure
Temple:   eino_narrow_crystal_temple

Skill      XL: |  1  2  3  4  5  6  7  8  9 |
---------------+----------------------------+-----
Axes           | 3 4 5 6 8 9 11 14 15 | 15.2
Fighting       | |  3.6
Armour         | |  3.2
Stealth        | |  0.1
Shields        | |  3.2

Action                   |  1- 3 |  4- 6 |  7- 9 || total
-------------------------+-------+-------+-------++-------
Melee: War axe           |    92 |   154 |   142 ||   388
Evoke: Wand              |       |       |    20 ||    20
  Use: Scroll            |     3 |     4 |       ||     7
       Potion            |       |     3 |     1 ||     4
Armor: Scale mail        |    44 |       |       ||    44
       Chain mail        |       |   174 |    63 ||   237
Dodge: Dodged            |    39 |    96 |    38 ||   173
Block: Buckler           |    21 |    46 |    25 ||    92

Table legend: (Time is in decaauts)
 A = Elapsed time spent in this place.
 B = Non-inter-level travel time spent in this place.
 C = Inter-level travel time spent in this place.
 D = Time resting spent in this place.
 E = Time spent auto-exploring this place.
 F = Levels seen in this place.
 G = Mean time per level.
                   A        B        C        D        E       F      G
               +--------+--------+--------+--------+--------+-----+--------+
         Total |   6169 |   6069 |    100 |   1116 |   3385 |   8 |  771.1 |
       Dungeon |   6156 |   6056 |    100 |   1116 |   3385 |   7 |  879.4 |
        Temple |     12 |     12 |      0 |      0 |      0 |   1 |   12.0 |
               +--------+--------+--------+--------+--------+-----+--------+

Top non-repeatable levels by time:
     D:3: 1267 daAuts
     D:5: 1247 daAuts
     D:6: 1124 daAuts
     D:2: 1003 daAuts
     D:1: 748 daAuts
     D:4: 656 daAuts
     D:7: 109 daAuts
  Temple: 12 daAuts
